[Event "Championnat d'Europe de Blitz"]
[Date "2024.12.09"]
[White "Jobava, Baadur"]
[Black "Rodriguez Fontecha, Marcos"]
[WhiteElo "2578"]
[BlackElo "2278"]
[Round "2.8"]
[Result "1-0"]
[TimeControl "180+2"]

1. b3 d5 2. Bb2 Bf5 3. d3 e6 4. Nd2 Nf6 5. g3 Nbd7 6. Bg2 h6 7. e4 dxe4 8. dxe4 Bg4 9. f3 Bh5 10. Nh3 e5 11. O-O Bc5+ 12. Kh1 Qe7 13. Qe2 O-O 14. Rad1 Rad8 15. Nf2 c6 16. Nd3 Bd4 17. Bxd4 exd4 18. Rde1 Rfe8 19. Qf2 Ne5 20. h3 Nxd3 21. cxd3 Bg6 22. f4 Qc5 23. Nf3 Qc3 24. Ne5 Bh7 25. Rc1 Qa5 26. Nf3 Bxe4 27. dxe4 Nxe4 28. Qe1 Nc3 29. Qd2 Re2 30. Qd3 Qxa2 31. Nh4 Rd2 32. Qf3 Re8 33. Rce1 Ree2 34. Rxe2 Rxe2 35. Nf5 Ne4 36. Nxd4 Rf2 37. Qxe4 1-0

[Site "Europe Echecs"]

[Event "Championnat d'Europe de Blitz"]
[Date "2024.12.09"]
[White "Dragicevic, Drazen"]
[Black "Santos Latasa, Jaime"]
[WhiteElo "2332"]
[BlackElo "2628"]
[Round "2.9"]
[Result "0-1"]
[TimeControl "180+2"]

1. Nf3 e6 2. g3 b5 3. Na3 b4 4. Nc4 d5 5. Ne3 Nf6 6. d4 c5 7. Bg2 Bb7 8. O-O Nbd7 9. a3 a5 10. axb4 axb4 11. Rxa8 Qxa8 12. Bd2 Be7 13. c4 bxc3 14. Bxc3 O-O 15. dxc5 Bxc5 16. Bd4 Rc8 17. Bxc5 Nxc5 18. b4 Nce4 19. Qa1 Nc3 20. Qb2 Qa6 21. Re1 Qb6 22. Nd1 d4 23. Qd2 Bxf3 24. Bxf3 Qxb4 25. e3 e5 26. exd4 exd4 27. Kg2 h6 28. g4 Qc5 29. Nb2 Ncd5 30. Nd3 Qc3 31. Qxc3 Rxc3 32. Ne5 Nf4+ 33. Kg3 g5 34. h4 d3 35. hxg5 hxg5 36. Ra1 d2 37. Ra8+ Kg7 38. Rd8 Ne4+ 39. Kh2 Rc1 40. Bxe4 d1=Q 41. Rxd1 Rxd1 42. f3 Kf6 43. Nc4 Rd4 44. Ne3 Rd2+ 45. Kg1 Re2 46. Nf5 Ke5 47. Nh6 f6 48. Nf7+ Kd4 49. Nd6 Ra2 50. Nf5+ Ke5 51. Ne3 Nh3+ 52. Kf1 Kf4 53. Nd5+ Kg3 54. Nxf6 Nf4 55. Nh5+ Nxh5 56. gxh5 Rh2 57. Ke1 Rxh5 58. Ke2 Rh8 59. Ke3 Re8 60. Kd4 Kf4 61. Kd3 Rb8 62. Kd4 Rb3 63. Bd5 Rxf3 0-1

[Site "Europe Echecs"]

[Event "Championnat d'Europe de Blitz"]
[Date "2024.12.09"]
[White "Van Foreest, Jorden"]
[Black "Vuckovic, Aleksandar"]
[WhiteElo "2677"]
[BlackElo "2307"]
[Round "2.10"]
[Result "1-0"]
[TimeControl "180+2"]

1. Nc3 c5 2.
e4 Nc6 3. Bb5 Na5 4. Be2 a6 5. Nf3 d6 6. d4 cxd4 7. Nxd4 g6 8. Be3 Nf6 9. f4 Nc6 10. Nxc6 bxc6 11. e5 dxe5 12. Qxd8+ Kxd8 13. fxe5 Ng4 14. Bb6+ Ke8 15. O-O-O Be6 16. Bxa6 Bh6+ 17. Kb1 Kf8 18. Be2 Nxe5 19. Bd4 f6 20. b3 Kg7 21. Ne4 Bd5 22. Nc5 Bxg2 23. Rhe1 Rhb8 24. Bxe5 fxe5 25. Nd7 Rb7 26. Nxe5 Bf4 27. Bc4 Bxh2 28. Nxg6 hxg6 29. Rd2 Bf4 30. Rxg2 g5 31. a4 e5 32. Ka2 Rh8 33. a5 Kf6 34. a6 Rd7 35. Bd3 Rd4 36. Kb2 c5 37. Ra1 Rd7 38. Be4 Ra7 39. Kc3 Rh3+ 40. Kc4 Be3 41. Kb5 Rh4 42. Ra4 c4 43. Rxc4 Rf4 44. Bb7 Kf5 45. Re2 Bd4 46. c3 Bg1 47. Rc8 Kg4 48. Rxe5 1-0

[Site "Europe Echecs"]

[Event "Championnat d'Europe de Blitz"]
[Date "2024.12.09"]
[White "Jotic, Vladimir"]
[Black "Fressinet, Laurent"]
[WhiteElo "2249"]
[BlackElo "2588"]
[Round "2.11"]
[Result "0-1"]
[TimeControl "180+2"]

1. Nf3 Nf6 2. g3 g6 3. Bg2 Bg7 4. O-O O-O 5. c4 Nc6 6. Nc3 d5 7. cxd5 Nxd5 8. Qb3 Nb6 9. d3 a5 10. a4 Be6 11. Qd1 Nb4 12. Ng5 Bc8 13. Nge4 c6 14. Bg5 h6 15. Bd2 N6d5 16. Qc1 Kh7 17. h4 Bg4 18. Re1 Rc8 19. Nc5 b6 20. Nb3 Be6 21. Qd1 Qd7 22. d4 Nf6 23. e4 Nd3 0-1

[Site "Europe Echecs"]

[Event "Championnat d'Europe de Blitz"]
[Date "2024.12.09"]
[White "Pultinevicius, Paulius"]
[Black "Boci, Mateu"]
[WhiteElo "2579"]
[BlackElo "2176"]
[Round "2.12"]
[Result "1-0"]
[TimeControl "180+2"]

1. c4 e5 2. e3 Nf6 3. Nc3 d5 4. cxd5 Nxd5 5. d3 Nc6 6. Nf3 Be7 7. Be2 O-O 8. O-O Be6 9. Bd2 Qd7 10. a3 Rad8 11. b4 a6 12. Qc2 Kh8 13. Ne4 f5 14. Nc5 Bxc5 15. Qxc5 e4 16. dxe4 fxe4 17. Nd4 Nf4 18. Rfe1 Nxe2+ 19. Rxe2 Nxd4 20. exd4 Qxd4 21. Qxd4 Rxd4 22. Bc3 Rc4 23. Bb2 Bd5 24. Rae1 h6 25. h3 Kh7 26. Rd2 Bc6 27. Re3 Rf7 28. Kh2 Re7 29. f4 Rf7 30. Rf2 a5 31. bxa5 Rf5 32. Rg3 Rf7 33. f5 Rc5 34. f6 g5 35. Bc3 Kg6 36. Re3 h5 37. Rd2 Rf5 38. Rd8 Rf2 39. Rg8+ Kh6 40. Rg3 Rc2 41. Bd4 e3 42. Bxe3 Kh7 43. R8xg5 Rxf6 44. Rxh5+ 1-0

[Site "Europe Echecs"]

[Event "Championnat d'Europe de Blitz"]
[Date "2024.12.09"]
[White "Oliinyk, Serafym"]
[Black "Kadric, Denis"]
[WhiteElo "2207"]
[BlackElo "2544"]
[Round "2.13"]
[Result "0-1"]
[TimeControl "180+2"]

1. e4 d6 2. d4 Nf6 3. Nc3 e5 4. Nf3 Nbd7 5. Rg1 c6 6.
g4 h6 7. Be3 Be7 8. Qd2 exd4 9. Nxd4 Ne5 10. Be2 Nfxg4 11. O-O-O g5 12. h3 Nxe3 13. Qxe3 Qb6 14. Kb1 Bd7 15. f4 gxf4 16. Qxf4 O-O-O 17. Nf5 Bxf5 18. Qxf5+ Kb8 19. Bh5 Nc4 20. b3 Ne3 21. Qxf7 Nxd1 22. Rxd1 Qc7 23. Bg4 Rhf8 24. Qc4 Bf6 25. a4 Qa5 26. Na2 Qe5 27. c3 Rfe8 28. Bf5 d5 29. Qc5 dxe4 30. Rxd8+ Bxd8 31. Qxe5+ Rxe5 32. Bg4 Bg5 33. Kc2 a5 34. c4 Kc7 35. Nc3 Kd6 36. Ne2 Re8 37. Nc3 Ke5 38. Ne2 Rd8 39. Bh5 Rd2+ 40. Kc3 Rd3+ 41. Kc2 Rxh3 42. Bg4 Rh2 43. Kd1 h5 44. Bc8 h4 45. Bxb7 h3 46. Bxc6 Rxe2 47. Kxe2 h2 48. Bxe4 Kxe4 0-1

[Site "Europe Echecs"]

[Event "Championnat d'Europe de Blitz"]
[Date "2024.12.09"]
[White "Lagarde, Maxime"]
[Black "Vyval, Volodymyr"]
[WhiteElo "2600"]
[BlackElo "2269"]
[Round "2.14"]
[Result "0-1"]
[TimeControl "180+2"]

1. e4 c5 2. Nc3 d6 3. f4 g6 4. d4 cxd4 5. Qxd4 Nf6 6. Nf3 Bg7 7. Qf2 O-O 8. Bd3 Nc6 9. Bd2 Bg4 10. O-O-O Nb4 11. Kb1 Nxd3 12. cxd3 a6 13. h3 Bxf3 14. Qxf3 b5 15. g4 Rc8 16. g5 Nh5 17. Rc1 Qd7 18. Nd5 Bd4 19. Be3 Bxe3 20. Qxe3 Qb7 21. f5 e6 22. Nf6+ Nxf6 23. gxf6 Kh8 24. Qh6 Rxc1+ 25. Rxc1 Rg8 26. fxe6 fxe6 27. Rf1 Qf7 28. h4 e5 29. Qc1 Qd7 30. Qg5 Rf8 31. Rf3 Qc7 32. a3 a5 33. h5 gxh5 34. Qf5 Qf7 35. Kc2 b4 36. axb4 axb4 37. Kd2 Qb3 38. f7 Qxb2+ 39. Ke1 Qc1+ 40. Kf2 Qd2+ 41. Kg3 Qh6 42. Kh4 Qg6 43. Qd7 Qg4+ 44. Qxg4 hxg4 45. Kxg4 Kg7 46. d4 Rxf7 47. Rb3 Rf4+ 48.
Kg5 h6+ 49.
Kh5 Rxe4 50. Rxb4 Rxd4 51. Rb7+ Kf6 52. Rd7 Ke6 53. Rd8 Rf4 54. Kxh6 Rf1 55. Kg5 Kd5 56. Kg4 e4 57. Ra8 Ke5 58. Kg3 d5 59. Kg2 Rf7 60. Ra3 d4 61. Ra5+ Kf4 62. Kf2 Rh7 63. Ra8 Rh2+ 64. Kg1 Rb2 65. Rh8 e3 66. Rh4+ Ke5 67. Kf1 d3 68. Rc4 Kd5 69. Ra4 Rb1+ 70. Kg2 d2 0-1

[Site "Europe Echecs"]

[Event "Championnat d'Europe de Blitz"]
[Date "2024.12.09"]
[White "Alonso Rosell, Alvar"]
[Black "Druckenthaner, Andreas"]
[WhiteElo "2532"]
[BlackElo "2206"]
[Round "2.15"]
[Result "1-0"]
[TimeControl "180+2"]

1. Nf3 f5 2. d4 Nf6 3. e3 g6 4. Be2 Bg7 5. c4 O-O 6. O-O d6 7. b4 e5 8. Bb2 e4 9. Nfd2 Nc6 10. Qb3 Kh8 11. Nc3 Ne7 12. a4 g5 13. f3 exf3 14. Rxf3 Ng6 15. Bd3 Nh4 16. Rff1 Ng4 17. Rae1 f4 18. Nd1 fxe3 19. Nxe3 Nxe3 20. Rxe3 Rxf1+ 21.
Nxf1 Bf5 22.
g3 Bxd3 23.
Qxd3 Ng6 24.
Bc3 Qd7 25.
Qe4 Qxa4 26.
Qxb7 Rf8 27.
Rf3 Rxf3 28.
Qxf3 Qc2 29.
c5 d5 30.
Qe3 h6 31.
Qd2 Qe4 32.
b5 h5 33.
Qe3 Qc2 34.
Qd2 Qe4 35.
Qd1 g4 36.
Qd2 Kh7 37.
Qe3 Qc2 38.
Ba1 Bh6 39.
Qe6 Qd1 40.
Bc3 Bg7 41.
Qxd5 Qe2 42.
Qxh5+ Bh6 43. Qf5 Kg7 44. d5+ Kh7 45. Qf7+ 1-0

[Site "Europe Echecs"]

[Event "Championnat d'Europe de Blitz"]
[Date "2024.12.09"]
[White "Podlesnik, Bogdan"]
[Black "Pantsulaia, Levan"]
[WhiteElo "2288"]
[BlackElo "2522"]
[Round "2.16"]
[Result "0-1"]
[TimeControl "180+2"]

1. e4 c5 2. Nc3 e6 3. Nf3 a6 4. d4 cxd4 5. Nxd4 b5 6. Bd3 Bb7 7. O-O b4 8. Nce2 Nf6 9. Ng3 h5 10. Re1 h4 11. Nf1 h3 12. g3 Qb6 13. Nb3 a5 14. Be3 Qc7 15. Nbd2 Bc5 16. Qe2 d6 17. f3 Nbd7 18. g4 Ne5 19. Ng3 Qb6 20. Bxc5 Qxc5+ 21. Qf2 Rc8 22. Qxc5 Rxc5 23. Kf2 Kd7 24. Nb3 Nxd3+ 25.
cxd3 Rc2+ 26. Re2 Rxe2+ 27. Kxe2 a4 28. Nd4 Rc8 29. Kd2 Ba6 30. Nc2 Rb8 31. b3 a3 32. Rc1 g6 33. Nf1 Nh7 34. Nd4 e5 35. Nc2 Ng5 36. Ke3 Rc8 37. Nd2 Rc3 38. Nc4 Bxc4 39. bxc4 Kc7 40. f4 exf4+ 41. Kxf4 Ne6+ 42. Ke3 Nc5 43. Rf1 Rxd3+ 44. Ke2 f6 45. Nxb4 Rd4 46. Nd5+ Kc6 47. Nxf6 Rxc4 48. Kd2 Rb4 49. Rf3 Rb2+ 50. Kc1 Rxh2 51. Rxa3 Ne6 52. Ra8 Nf4 53. Nd5 Nxd5 54. exd5+ Kxd5 55. Rh8 Ke4 56. a4 Kf4 57. a5 Kxg4 58. a6 Ra2 59. Kb1 Rxa6 0-1

[Site "Europe Echecs"]

[Event "Championnat d'Europe de Blitz"]
[Date "2024.12.09"]
[White "Muradli, Mahammad"]
[Black "Maier, Christian"]
[WhiteElo "2588"]
[BlackElo "2235"]
[Round "2.17"]
[Result "1-0"]
[TimeControl "180+2"]

1. Nf3 Nc6 2. d4 d6 3.
d5 Ne5 4.
Nxe5 dxe5 5.
c4 Nf6 6.
Nc3 e6 7. g3 exd5 8. cxd5 Bc5 9. Bg2 O-O 10. O-O h6 11. b3 Re8 12. Bb2 e4 13. e3 Bf5 14. Rc1 Qe7 15. Qc2 Rad8 16. Na4 Bd6 17. Bxf6 Qxf6 18. Nc3 a6 19. Bxe4 Bxe4 20. Nxe4 Qg6 21. Nc5 Qxc2 22.
Rxc2 Rb8 23. Nd3 f5 24. Nb2 b5 25. Nd3 Kf7 26. Rfc1 Re7 27. Nc5 a5 28. Ne6 Rb7 29. Nd8+ 1-0

[Site "Europe Echecs"]

[Event "Championnat d'Europe de Blitz"]
[Date "2024.12.09"]
[White "Trapp, Maximilian"]
[Black "Dardha, Daniel"]
[WhiteElo "2050"]
[BlackElo "2639"]
[Round "2.18"]
[Result "0-1"]
[TimeControl "180+2"]

1. d4 Nf6 2.
Nf3 b6 3. Bf4 Bb7 4. e3 Nh5 5. Bg3 g6 6. Nbd2 d6 7. Be2 Nd7 8. a4 Nxg3 9. hxg3 a6 10. c3 Bg7 11. Qb3 e6 12. a5 O-O 13. axb6 cxb6 14. O-O Qc7 15. Rfe1 Rfd8 16. e4 h6 17. Bd3 Nf6 18. e5 dxe5 19. Nxe5 Bd5 20. Bc4 Qb7 21. Bxd5 Nxd5 22.
Ndf3 b5 23.
Nd3 a5 24.
Nc5 Qc6 25.
Ne5 Bxe5 26.
Rxe5 b4 27.
Qc2 Kg7 28.
Rae1 Nf6 29.
Qc1 Ng8 30.
Qf4 Rd5 31.
Qf3 Rad8 32.
R1e3 Qc8 33.
g4 Nf6 34.
Nxe6+ fxe6 35. Rxe6 Rf8 36. Re7+ Rf7 37. R7e6 Qd7 38. R6e5 Rxe5 39. dxe5 Nxg4 40.
Qe2 Nxe3 41.
Qxe3 Qe6 0-1

[Site "Europe Echecs"]

[Event "Championnat d'Europe de Blitz"]
[Date "2024.12.09"]
[White "Kazakouski, Valery"]
[Black "Gaponenko, Inna"]
[WhiteElo "2567"]
[BlackElo "2343"]
[Round "2.19"]
[Result "1-0"]
[TimeControl "180+2"]

1. Nf3 d5 2. c4 e6 3. b3 Nf6 4. Bb2 Be7 5. g3 O-O 6. Bg2 b6 7. O-O Bb7 8. Nc3 d4 9. Nb5 c5 10. e3 a6 11. Na3 Bd6 12. exd4 cxd4 13. Re1 Re8 14. d3 e5 15. Nc2 Nc6 16. Nd2 Na5 17. Bxb7 Nxb7 18. b4 Bf8 19. Qf3 Qc7 20. Rac1 a5 21. b5 Nc5 22. Ba3 Na4 23. Bxf8 Kxf8 24. Nb3 Nc3 25. a3 Na2 26. Ra1 Nc3 27. a4 Qd6 28. Kg2 h6 29. h3 Ra7 30. c5 bxc5 31. Na3 Qd5 32. Qxd5 Nfxd5 33. Nxc5 Nb6 34. Nb1 Rc7 35. Nxc3 Rxc5 36. Ne4 Rc2 37. Rec1 Rec8 38. Re1 Ke7 39. g4 f6 40. Kg3 Ke6 41. f4 exf4+ 42. Kxf4 Nd5+ 43. Kf3 Ne3 44. Rab1 Rb8 45. b6 Rc6 46. b7 Rc7 47. Rb5 Kd7 48. Reb1 Kc6 49. Rc5+ Kd7 50. Rxa5 Kc6 51. Rc5+ Kd7 52.
Rcb5 Kc6 53. Rb6+ Kd7 54. a5 Nd5 55. Rd6+ Ke7 56. Rxd5 1-0

[Site "Europe Echecs"]

[Event "Championnat d'Europe de Blitz"]
[Date "2024.12.09"]
[White "Kukk, Sander"]
[Black "Van Foreest, Lucas"]
[WhiteElo "2234"]
[BlackElo "2520"]
[Round "2.20"]
[Result "0-1"]
[TimeControl "180+2"]

1. b3 d5 2. e3 Bf5 3. Bb2 e6 4. Nf3 h6 5. d4 Nf6 6. Bd3 Nbd7 7. O-O c6 8. Nbd2 Bd6 9. Qe2 O-O 10. Ne5 Ne4 11. Nxd7 Qxd7 12. f3 Nxd2 13. Qxd2 Qc7 14. g3 Bxd3 15. Qxd3 e5 16. dxe5 Bxe5 17. Bxe5 Qxe5 18. Qd4 Qg5 19. Rae1 Rfe8 20. e4 dxe4 21. Rxe4 Rxe4 22. Qxe4 Rd8 23. Kg2 Qc5 24. Rf2 g6 25. Re2 h5 26. h4 Rd1 27. Rf2 Qc3 28. f4 Re1 29. Qf3 Qd4 30. f5 Re3 31. Qf4 Qd5+ 32. Kh2 Re1 33. Rg2 Qd1 34. Rf2 Qd5 35. Rg2 Qxf5 36. Qxf5 gxf5 37. Rf2 Kg7 38. a4 Kf6 39. Kg2 Re3 40. Rd2 Ke6 41. Kf2 Rc3 42. Re2+ Kf6 43. Rd2 a5 44. Kg2 c5 45. Rd6+ Ke5 46. Rb6 Rxc2+ 47. Kh3 Rc3 48. Kg2 f4 49. gxf4+ Kxf4 50. Rxb7 f5 51. Rb5 Kg4 52. Rxa5 f4 53. Ra8 Rc2+ 54. Kf1 Kf3 55. Ke1 Rb2 56. Rc8 Ke3 57. Re8+ Kd4 58. Rf8 Ke4 59. Re8+ Kf3 60. Rc8 Rxb3 61. Rxc5 Kg4 62. Rc4 Kg3 63. Rc1 f3 64. Kf1 Rb2 65. Ra1 Rh2 0-1

[Site "Europe Echecs"]

[Event "Championnat d'Europe de Blitz"]
[Date "2024.12.09"]
[White "Fridman, Daniel"]
[Black "Suljovic, Sulejman"]
[WhiteElo "2571"]
[BlackElo "2182"]
[Round "2.21"]
[Result "1-0"]
[TimeControl "180+2"]

1. d4 e6 2. Nf3 f5 3. g3 b6 4. Bg2 Bb7 5. O-O Nf6 6. c4 a5 7. Nc3 Bb4 8. Nb5 Be7 9. Bf4 Na6 10. Rc1 O-O 11. Nc3 Ne4 12. d5 Nxc3 13. Rxc3 Bf6 14. Rc2 Nc5 15. b3 Re8 16. Be3 e5 17. d6 Be4 18. dxc7 Qxc7 19. Rd2 Rad8 20. Bxc5 bxc5 21. Ne1 Bxg2 22. Nxg2 h6 23. Ne3 f4 24. Nd5 Qc6 25. e4 Bg5 26. h4 Bf6 27. Qg4 Qe6 28. Qf3 Rf8 29. Qg2 g5 30. gxf4 exf4 31. Nxf4 Qf7 32. Nd5 Qh5 33.
hxg5 Bxg5 34. f4 Kh8 35. fxg5 Rxf1+ 36. Kxf1 Rf8+ 37.
Kg1 Qh4 38.
Re2 Rg8 39. g6 Qh5 40. Nf6 1-0

[Site "Europe Echecs"]

[Event "Championnat d'Europe de Blitz"]
[Date "2024.12.09"]
[White "Promyshlyanskiy, Vitaliy"]
[Black "Quparadze, Giga"]
[WhiteElo "2279"]
[BlackElo "2537"]
[Round "2.22"]
[Result "0-1"]
[TimeControl "180+2"]

1. e4 c5 2.
Nc3 e6 3. f4 d5 4. Bb5+ Bd7 5. Qe2 d4 6. Bxd7+ Qxd7 7. Nd1 Nc6 8. d3 f6 9. Nf3 Bd6 10. O-O Bc7 11. Nf2 Nge7 12. Bd2 h6 13. a3 g5 14. g3 gxf4 15. gxf4 O-O-O 16. b4 Ng6 17. Nh3 Rdg8 18. Kh1 Qe7 19. Rg1 f5 20. e5 Qd7 21. Rg3 cxb4 22. axb4 Qd5 23. Qg2 Nge7 24. Nh4 Rxg3 25. hxg3 a6 26. Ng1 Qxg2+ 27. Kxg2 Nd5 28. Rb1 b5 29. Ne2 Kb7 30. Nf3 Bb6 31. Rh1 h5 32. Ng5 Ncxb4 33. Bxb4 Nxb4 34. Nxe6 Nxc2 35. Kf3 a5 36. Rc1 Rc8 37. Ng7 a4 38. Nxf5 Ka6 39. e6 b4 40. e7 b3 41. Nexd4 Bxd4 42. Nxd4 Nxd4+ 43. Kf2 Re8 44. Re1 a3 45. Re4 a2 0-1

[Site "Europe Echecs"]

[Event "Championnat d'Europe de Blitz"]
[Date "2024.12.09"]
[White "Muter, Donny"]
[Black "Mastrovasilis, Dimitrios"]
[WhiteElo "2206"]
[BlackElo "2537"]
[Round "2.23"]
[Result "0-1"]
[TimeControl "180+2"]

1. d4 d5 2. Nf3 Nf6 3. Bf4 c5 4. e3 Nc6 5. c3 Qb6 6. Qc1 Nh5 7. Bg3 Bf5 8. dxc5 Qxc5 9. Nbd2 Nxg3 10. hxg3 e5 11. b4 Qd6 12. Be2 Be7 13. O-O O-O 14. Rd1 Rac8 15. Qb2 e4 16. Nh4 Bxh4 17. gxh4 Qf6 18. g3 Ne5 19. Rac1 Bg4 20. Bxg4 Nd3 21. Qb3 Qxf2+ 22. Kh1 Qxg3 0-1

[Site "Europe Echecs"]

[Event "Championnat d'Europe de Blitz"]
[Date "2024.12.09"]
[White "Smeets, Jan"]
[Black "Manea, Alexandru"]
[WhiteElo "2552"]
[BlackElo "2272"]
[Round "2.24"]
[Result "1-0"]
[TimeControl "180+2"]

1. e4 Nf6 2.
e5 Nd5 3. d4 d6 4. Nf3 dxe5 5.
Nxe5 c6 6. Be2 Bf5 7. O-O Nd7 8. c4 N5f6 9. f4 e6 10. Nc3 Nxe5 11. fxe5 Ne4 12. Be3 Be7 13. Bd3 Nxc3 14.
bxc3 Bg6 15.
Rb1 Qc7 16.
Bxg6 hxg6 17. Qf3 O-O 18. Qg4 c5 19. Rbc1 Rab8 20. Qe4 cxd4 21. cxd4 Qa5 22.
d5 Bc5 23.
d6 Bxe3+ 24.
Qxe3 Qxa2 25. c5 Rbc8 26. Rfd1 Rfd8 27. Qd4 Qa6 28. Ra1 Qc6 29. Rdc1 b6 30. Rxa7 bxc5 31. Qc4 g5 32. h3 g6 33. Kh2 Rd7 34. Ra5 Qb6 35. Rb5 Qa7 36. Qg4 c4 37. Rxc4 Rxc4 38. Qxc4 Kg7 39. Qc1 Qa4 40. Rc5 Qd4 41. Kh1 g4 42. Rc7 Rd8 43.
Qf1 Rf8 44. Qf6+ Kg8 45. hxg4 Qxg4 46. Rc1 Qh5+ 47. Kg1 Qe2 48. Rf1 Qe3+ 49. Rf2 Qe1+ 50.
Kh2 Qe4 51. Rf4 Qe3 52. Rh4 1-0

[Site "Europe Echecs"]

[Event "Championnat d'Europe de Blitz"]
[Date "2024.12.09"]
[White "Bogoevski, Jani"]
[Black "Kozul, Zdenko"]
[WhiteElo "2144"]
[BlackElo "2519"]
[Round "2.25"]
[Result "1/2-1/2"]
[TimeControl "180+2"]

1. d4 Nf6 2.
Bf4 d6 3. e3 Nbd7 4. Nf3 Nh5 5. Bg3 Nxg3 6. hxg3 g6 7. c3 Bg7 8. Nbd2 c5 9. Bd3 O-O 10. O-O a6 11. a4 e6 12. Re1 d5 13. e4 cxd4 14. cxd4 dxe4 15. Nxe4 Nf6 16. Qe2 Nd5 17. Rad1 Bd7 18. Nc5 Bc6 19. Be4 b6 20. Nd3 Bxa4 21. Ra1 Bb5 22. Qd2 Bxd3 23. Qxd3 a5 24. Ne5 Rc8 25. Rec1 Rxc1+ 26. Rxc1 Nb4 27. Qe3 Qd6 28. Nc4 Qxd4 29. Nxb6 Qxe3 30. fxe3 Bxb2 31. Rc5 Rd8 32. Bf3 Nd3 33. Rxa5 Bc1 34.
Nc4 Rc8 35. Ra4 Nb2 36. Nxb2 Bxb2 37. Ra8 Rxa8 38. Bxa8 h5 39. Kf2 Kg7 40. Kf3 f5 41. e4 Kf6 42. Bb7 Bd4 43. Bc6 Be5 44. Bb7 Bc7 45. Bc6 g5 46. exf5 exf5 47. Be8 g4+ 48. Kf2 Kg5 49. Bd7 Bb6+ 50. Ke2 Bc7 51. Kf2 Bd8 52. Bc8 Kf6 53. Bd7 Ke5 54. Be8 h4 55. gxh4 Bxh4+ 56. Ke2 Kf4 57. Bc6 Kg3 58. Kf1 f4 59.
Bd5 Kh2 60. Bc6 Bf6 61. Bd5 Be5 62. Be4 Bd4 63. Bd5 1/2-1/2

[Site "Europe Echecs"]

[Event "Championnat d'Europe de Blitz"]
[Date "2024.12.09"]
[White "Motylev, Alexander"]
[Black "Ribeiro, Gustavo"]
[WhiteElo "2596"]
[BlackElo "2241"]
[Round "2.26"]
[Result "1-0"]
[TimeControl "180+2"]

1. e4 e5 2. Nf3 Nc6 3. d4 exd4 4. Nxd4 Nf6 5. Nxc6 bxc6 6. e5 Qe7 7. Qe2 Nd5 8. Nd2 d6 9. Nc4 Nb6 10. exd6 Qxe2+ 11. Bxe2 Nxc4 12. d7+ Bxd7 13. Bxc4 Bb4+ 14. Bd2 Bd6 15. O-O-O O-O 16. Bb4 Bxb4 17. Rxd7 Bd6 18. Re1 g6 19. g3 Kg7 20. c3 Rad8 21. Rxd8 Rxd8 22. Kc2 Rd7 1-0

[Site "Europe Echecs"]

[Event "Championnat d'Europe de Blitz"]
[Date "2024.12.09"]
[White "Radovanovic, Dusan"]
[Black "Baidetskyi, Valentin"]
[WhiteElo "2274"]
[BlackElo "2519"]
[Round "2.27"]
[Result "0-1"]
[TimeControl "180+2"]

1. e4 d6 2. d4 Nf6 3. Nc3 e5 4. Nf3 Nbd7 5. a4 Be7 6. Bc4 O-O 7. O-O exd4 8. Nxd4 Ne5 9. Be2 Re8 10. f4 Ng6 11. Bd3 Bf8 12. Kh1 Bd7 13. Qf3 c5 14. Nf5 Bc6 15. Nd5 c4 16. Bxc4 Rxe4 17. Qd3 Rxc4 0-1

[Site "Europe Echecs"]

[Event "Championnat d'Europe de Blitz"]
[Date "2024.12.09"]
[White "Ragger, Markus"]
[Black "Todorovic, Goran N"]
[WhiteElo "2577"]
[BlackElo "2256"]
[Round "2.28"]
[Result "1-0"]
[TimeControl "180+2"]

1. d4 Nf6 2. c4 e6 3. Nf3 b6 4. g3 Ba6 5. b3 Bb4+ 6. Bd2 Bxd2+ 7. Qxd2 c6 8. Qc2 d5 9. Nbd2 Nbd7 10. e4 dxe4 11. Nxe4 Nxe4 12. Qxe4 Rc8 13. Bg2 O-O 14. O-O c5 15. Rad1 Qc7 16. Ne5 Nxe5 17. dxe5 Rcd8 18. h4 h6 19. Qf4 Bb7 20. Bxb7 Qxb7 21. Rd6 Rxd6 22.
exd6 Qc6 23.
Rd1 Rd8 24. Qe5 Qd7 25. Qe4 Rc8 26. Rd3 Rd8 27. g4 g6 28. Qe5 Qc6 29. h5 gxh5 30. g5 Kh7 31. Qf6 Qd7 32. Qxh6+ Kg8 33. g6 f6 34. Qxh5 Qg7 35. Qg4 f5 36. Qg5 Rd7 37. Kg2 Qe5 38. Qh4 Qh8 39. Qf4 Qf6 40. Rh3 Rg7 1-0

[Site "Europe Echecs"]

[Event "Championnat d'Europe de Blitz"]
[Date "2024.12.09"]
[White "Mikluc, Davorin"]
[Black "Peyrer, Konstantin"]
[WhiteElo "2232"]
[BlackElo "2440"]
[Round "2.29"]
[Result "0-1"]
[TimeControl "180+2"]

1. e4 e5 2. Nf3 Nc6 3. Bb5 a6 4. Ba4 f5 5. exf5 e4 6. Bxc6 bxc6 7. Qe2 Qe7 8. Nd4 Nf6 9. h3 c5 10. Nb3 d5 11. g4 Qf7 12. d3 Bd6 13. Nc3 O-O 14. Bg5 exd3 15. Qd2 Re8+ 16. Kd1 d4 17. Bxf6 gxf6 18. Na4 c4 19. Nxd4 Qd5 20. Re1 Bd7 21. cxd3 Bxa4+ 0-1

[Site "Europe Echecs"]

[Event "Championnat d'Europe de Blitz"]
[Date "2024.12.09"]
[White "Koelle, Tobias"]
[Black "Mcgowan, Daniel"]
[WhiteElo "2437"]
[BlackElo "2089"]
[Round "2.30"]
[Result "1-0"]
[TimeControl "180+2"]

1. d4 e6 2. c4 Nf6 3. Nf3 d5 4. Nc3 Be7 5. Bf4 a6 6. c5 O-O 7. h3 Nbd7 8. e3 Re8 9. Bd3 Nf8 10. O-O b6 11. b4 Bb7 12. Qc2 Ng6 13. Bh2 Bc6 14. a4 Qb8 15. b5 axb5 16. axb5 Rxa1 17. Rxa1 Ba8 18. c6 Rc8 19. Qa4 Ne8 20. Bxg6 hxg6 21. Ne5 1-0

[Site "Europe Echecs"]

[Event "Championnat d'Europe de Blitz"]
[Date "2024.12.09"]
[White "Dinev, Dejan"]
[Black "Livaic, Leon"]
[WhiteElo "2209"]
[BlackElo "2560"]
[Round "2.31"]
[Result "0-1"]
[TimeControl "180+2"]

1. d4 d6 2.
Nf3 Nf6 3. g3 g6 4. Bg2 Bg7 5. O-O O-O 6. Nc3 Nbd7 7. a4 a5 8. e4 e5 9. Re1 c6 10. dxe5 dxe5 11. Qd6 Re8 12. Bg5 h6 13. Be3 Bf8 14. Qd2 Ng4 15. Rad1 Nxe3 16. Rxe3 Qb6 17. Qc1 Nc5 18. Re2 Be6 19. Nxe5 Bg7 20. Nd3 Nxd3 21. cxd3 Rad8 22. Qe3 Qb4 23. Red2 h5 24. h3 Rd7 25. d4 Bb3 26. Re1 Bxd4 27. Qf3 Red8 28. g4 hxg4 29. hxg4 Be5 30. Rxd7 Rxd7 31. g5 Be6 32. Bh3 Qe7 33. Bxe6 Qxe6 34. Kg2 Rd2 35. Re2 Rd4 36. Qe3 Qg4+ 37. Kf1 Rd8 38. f3 Qh3+ 39. Rg2 Bd4 0-1

[Site "Europe Echecs"]

[Event "Championnat d'Europe de Blitz"]
[Date "2024.12.09"]
[White "Beerdsen, Thomas"]
[Black "Tudor, Henry Edward"]
[WhiteElo "2502"]
[BlackElo "2375"]
[Round "2.32"]
[Result "1/2-1/2"]
[TimeControl "180+2"]

1. e4 c5 2. Nf3 d6 3. d4 cxd4 4. Nxd4 Nf6 5. Nc3 a6 6. a3 g6 7.
Bc4 Bg7 8.
h3 O-O 9.
O-O Nc6 10.
Nf3 b5 11.
Ba2 Bb7 12.
Qe2 b4 13.
axb4 Nxb4 14. Bb3 Nd7 15. Be3 Nc5 16. Bxc5 dxc5 17. Rfd1 Qc7 18. Rd2 Bh6 19. Rdd1 Bg7 20. Qc4 a5 21. Nb5 Qb6 22. c3 Ba6 23. cxb4 Bxb5 24. Qxc5 Qxc5 25.
bxc5 Bxb2 26. Rab1 Be2 27. Rxb2 Bxd1 28. Bxd1 Rfc8 29. Ra2 Rxc5 30. Ba4 Rb8 31. Kh2 Rb4 32. Bc2 Kg7 33. Ne1 Rbc4 34. Bd3 Rd4 35. Ra3 a4 36. Nc2 Rxd3 37. Rxd3 Rxc2 38. Rd7 Rxf2 39. Rxe7 a3 40. Ra7 a2 41. e5 Kf8 42. Kg3 Rb2 43. Kf3 Ke8 44. g4 h6 45. Ke4 Rd2 46. Ke3 Rh2 47. Kd4 Kd8 48. Kd5 Rd2+ 49. Kc6 Ke8 50. Kc5 Kf8 51. Kc4 Kg8 52.
Kc3 Rh2 53. Kd4 Rxh3 54. Rxa2 Rg3 55. e6 fxe6 56. Ke5 Rxg4 57. Ra8+ Kf7 58. Ra7+ Ke8 59. Kxe6 Kd8 60. Kf6 h5 61. Rh7 h4 62. Ke6 g5 63. Kd6 Ke8 64. Ke6 Kf8 65. Kf6 Kg8 66. Ra7 h3 67. Rg7+ Kf8 68. Ra7 Kg8 69. Rg7+ Kh8 70. Kg6 Ra4 71. Rh7+ Kg8 72. Rxh3 g4 73. Rb3 Rf4 74.
Rb8+ Rf8 75. Rb3 Rf3 76. Rb8+ Rf8 77. Rb3 Rf3 78. Rb8+ 1/2-1/2

[Site "Europe Echecs"]

[Event "Championnat d'Europe de Blitz"]
[Date "2024.12.09"]
[White "Zhukovskyi, Oleksandr"]
[Black "Saric, Ante"]
[WhiteElo "2199"]
[BlackElo "2482"]
[Round "2.33"]
[Result "0-1"]
[TimeControl "180+2"]

1. e4 d5 2. exd5 Nf6 3. d4 Bg4 4. Nf3 Bxf3 5. Qxf3 Qxd5 6. Qxd5 Nxd5 7. Bc4 e6 8. Bxd5 exd5 9. Bf4 Nc6 10. c3 Kd7 11. Nd2 Re8+ 12. Kd1 f6 13. h4 h5 14. Kc2 Be7 15. Nf3 Bd8 16. Rae1 Ne7 17. Re2 Ng6 18. Rxe8 Rxe8 19. Be3 c6 20. Kd3 Bc7 21. g3 Ke6 22. Ke2 Kf5 23. Kf1 Bxg3 24. Rh3 Bf4 25. Ke2 Bxe3 0-1

[Site "Europe Echecs"]